 Dungeon Crawl Stone Soup version 0.23.2-1-ga50397a (webtiles) character file.

Game seed: 9996024108090490826

538 sankara the Covert (level 7, -5/32 HPs)
             Began as a Spriggan Enchanter on May 13, 2019.
             Was a Follower of Kikubaaqudgha.
             Killed from afar by an orc wizard (10 damage)
             ... with a puff of flame
             ... on level 5 of the Dungeon.
             The game lasted 00:26:07 (5818 turns).

sankara the Covert (Spriggan Enchanter)             Turns: 5818, Time: 00:26:08

Health: -5/32      AC:  2    Str:  4    XL:     7   Next: 5%
Magic:  1/14       EV: 18    Int: 18    God:    Kikubaaqudgha [*.....]
Gold:   72         SH:  0    Dex: 17    Spells: 3/14 levels left

rFire    . . .     SeeInvis +   a - +1 dagger
rCold    . . .     Gourm    .   (shield restricted)
rNeg     . . .     Faith    .   b - +0 robe
rPois    .         Spirit   .   (helmet restricted)
rElec    .         Reflect  .   (no cloak)
rCorr    .         Harm     .   (gloves unavailable)
MR       ++...                  (boots unavailable)
Stlth    +++++.....             (no amulet)
HPRegen  0.10/turn              x - ring of protection from magic {MR+, !d}
MPRegen  0.14/turn              t - ring of stealth {Stlth+}

@: very quick
A: very small, unfitting armour, see invisible, herbivore, speed 3, slow
metabolism 2
a: Receive Corpses, Renounce Religion


You were on level 5 of the Dungeon.
You worshipped Kikubaaqudgha.
Kikubaaqudgha was aware of your devotion.
You were hungry.

You visited 2 branches of the dungeon, and saw 6 of its levels.

You collected 162 gold pieces.
You spent 90 gold pieces at shops.

Inventory:

Hand Weapons
 a - a +1 dagger (weapon)
 j - a +0 hunting sling
   (You found it on level 1 of the Dungeon)
Missiles
 h - 120 stones (quivered)
 m - 7 poisoned needles
 v - 26 sling bullets
Armour
 b - a +0 robe (worn)
Jewellery
 q - an uncursed ring of flight {+Fly, !d}
   (You found it on level 3 of the Dungeon)
 t - a ring of stealth (right hand) {Stlth+}
   (You found it on level 3 of the Dungeon)
 x - a ring of protection from magic (left hand) {MR+, !d}
   (You found it on level 4 of the Dungeon)
Wands
 y - a wand of flame (13)
   (You found it on level 4 of the Dungeon)
 z - a wand of random effects (16)
   (You found it on level 5 of the Dungeon)
Scrolls
 c - 2 scrolls of enchant weapon {unknown}
 d - 2 scrolls of immolation {unknown}
 e - 4 scrolls of teleportation {unknown}
 f - 5 scrolls of identify {unknown}
 g - 3 scrolls of remove curse {unknown}
 l - 3 scrolls of amnesia {unknown}
 p - 2 scrolls of fog {unknown}
 r - a scroll of magic mapping {unknown}
Potions
 i - a potion of invisibility {unknown}
 k - 2 potions of degeneration {unknown}
 n - a potion of brilliance {unknown}
 o - 2 potions of magic {unknown}
 s - a potion of heal wounds {unknown}
 u - a potion of curing
Comestibles
 w - a ration


   Skills:
 - Level 1.1 Short Blades
 - Level 3.0 Dodging
 * Level 8.7 Stealth
 + Level 4.1 Spellcasting
 + Level 5.4 Hexes
 + Level 1.9 Necromancy
 - Level 2.0 Ice Magic


You had 3 spell levels left.
You knew the following spells:

 Your Spells              Type           Power        Failure   Level  Hunger
a - Animate Skeleton      Necr           N/A          6%          1    None
b - Ensorcelled Hibernat  Hex/Ice        ###...       4%          2    ##.....
c - Confuse               Hex            ###.....     4%          3    ###....
d - Corona                Hex            ###....      1%          1    None
e - Tukima's Dance        Hex            ###.....     4%          3    ###....
f - Pain                  Necr           ##..         6%          1    None

Your spell library contained the following spells:

 Spells                   Type           Power        Failure   Level  Hunger
 Sublimation of Blood     Necr           ##........   10%         2    ##.....
 Dazzling Spray           Conj/Hex       ##....       14%         3    ###....
 Vampiric Draining        Necr           ##........   19%         3    ###....


Dungeon Overview and Level Annotations

Branches:
Dungeon (5/15)             Temple (1/1) D:4

Altars:
Ashenzari
Cheibriados
Dithmenos
Elyvilon
Fedhas
Gozag
Kikubaaqudgha
Makhleb
Nemelex Xobeh
Okawaru
Qazlal
Ru
Sif Muna
Trog
Uskayaw
Vehumet
Wu Jian
Xom
Yredelemnul
Zin
The Shining One
Lugonu

Annotations:
D:4 Dowan, Sigmund


Innate Abilities, Weirdness & Mutations

You are very small and have problems with some larger weapons.
You are too small for most types of armour.
You have supernaturally acute eyesight. (SInv)
You are a herbivore.
You cover ground extremely quickly.
You need to consume almost no food.


Message History

You barely miss the crimson imp. The crimson imp barely misses you.
You closely miss the crimson imp.
The crimson imp hits you but does no damage.
You hit the crimson imp.
The crimson imp is lightly wounded.
The crimson imp hits you.
You barely miss the crimson imp.
The crimson imp is lightly wounded.
The crimson imp barely misses you.
You closely miss the crimson imp. The crimson imp completely misses you.
You barely miss the crimson imp. The crimson imp hits you.
You hit the crimson imp.
The crimson imp is lightly wounded.
The crimson imp misses you.
You hit the crimson imp.
The crimson imp is moderately wounded.
The crimson imp misses you.
You closely miss the crimson imp.
The crimson imp is lightly wounded.
The crimson imp puffs mist at you. The crimson imp misses you.
You hit the crimson imp but do no damage.
The crimson imp is lightly wounded.
The crimson imp hits you.
You barely miss the crimson imp. The crimson imp misses you.
You barely miss the crimson imp. The crimson imp completely misses you.
You hit the crimson imp but do no damage.
The crimson imp closely misses you.
You hit the crimson imp but do no damage.
The crimson imp misses you.
You closely miss the crimson imp. The crimson imp hits you.
You closely miss the crimson imp. The crimson imp misses you.
You barely miss the crimson imp. The crimson imp hits you.
Casting: Confuse (safe; 4% risk of failure)
Confirm with . or Enter, or press ? or * to list all spells.
Aiming: Ensorcelled Hibernation (safe; 4% risk of failure)
Press: ? - help, Shift-Dir - straight line, f/p - crimson imp
Aim: a crimson imp (chance to defeat MR: 29%)
The crimson imp looks drowsy...
The helpless crimson imp fails to defend itself.
You impale the crimson imp!!
You kill the crimson imp!
Kikubaaqudgha accepts your kill.
You open the door.
There is an open door here.
There is an open door here.
Key pressed, stopping explore. 2 orcs and 2 orc wizards come into view.
Found a stone staircase leading down.
You see here a scroll labeled FIUCAS CAJAOR.
An orc comes into view. It is wielding a +0 flail.
The helpless orc fails to defend itself.
You impale the orc!!
You kill the orc!
Kikubaaqudgha accepts your kill.
Things that are here:
a +0 dagger; a +0 leather armour The helpless orc wizard fails to defend itself.
You impale the orc wizard!!
You kill the orc wizard!
Kikubaaqudgha accepts your kill.
You have reached level 7!
The helpless orc fails to defend itself.
You impale the orc!!
You kill the orc!
Kikubaaqudgha accepts your kill.
The orc wizard shouts!
You hear a bark!
Casting: Ensorcelled Hibernation (safe; 4% risk of failure)
Confirm with . or Enter, or press ? or * to list all spells.
Okay, then.
The orc shouts!
You hit the orc but do no damage. The orc closely misses you.
Casting: Ensorcelled Hibernation (safe; 4% risk of failure)
Confirm with . or Enter, or press ? or * to list all spells.
Aiming: Ensorcelled Hibernation (safe; 4% risk of failure)
Press: ? - help, Shift-Dir - straight line, f - orc wizard
Aim: an orc wizard, wielding a +0 dagger and wearing a +0 robe (chance to defeat MR: 48%)
The orc wizard resists with some effort.
The orc wizard gestures at you while chanting.
The puff of flame hits you!
Casting: Ensorcelled Hibernation (safe; 4% risk of failure)
Confirm with . or Enter, or press ? or * to list all spells.
Aiming: Ensorcelled Hibernation (safe; 4% risk of failure)
Press: ? - help, Shift-Dir - straight line, f/p - orc wizard
Aim: an orc wizard, wielding a +0 dagger and wearing a +0 robe (chance to defeat MR: 48%)
The orc wizard resists with some effort.
The orc wizard gestures at you while chanting.
The puff of frost hits you.
* * * LOW HITPOINT WARNING * * *
The orc barely misses you.
Casting: Ensorcelled Hibernation (safe; 4% risk of failure)
Confirm with . or Enter, or press ? or * to list all spells.
Aiming: Ensorcelled Hibernation (safe; 4% risk of failure)
Press: ? - help, Shift-Dir - straight line, f/p - orc wizard
Aim: an orc wizard, wielding a +0 dagger and wearing a +0 robe (chance to defeat MR: 48%)
The orc wizard resists with some effort.
The orc wizard gestures at you while chanting.
The puff of flame hits you!
You die...
Kikubaaqudgha rasps: "You have failed me!
Welcome... death!"

#............ ##
#######..........
#..####...###....._..._
...!.........).........
................._..⌠..
.......................
..####?##.####.#._..._
###.##.# #.#..._..
#.@.#... ........
#)oo#.... #......#.
+.>.#.....#......#.
#...#.....#......#.
###.##..###...##.## #.#
h. ... ..


You could see an orc wizard and an orc.

Vanquished Creatures
  Duvessa (D:4)
  A bullfrog zombie (D:3)
  2 crimson imps
  3 orc wizards
  An orc priest (D:3)
  A worker ant (D:4)
  6 gnolls
  2 adders
  An ooze (D:1)
  An adder skeleton (D:4)
  2 worms
  5 dart slugs
  3 leopard geckos
  12 orcs
  3 ball pythons
  4 giant cockroaches
  6 goblins
  5 hobgoblins
  5 jackals
  6 kobolds
  6 bats
  4 frilled lizards
  A jackal skeleton (D:4)
  A quokka skeleton (D:4)
  5 rats
87 creatures vanquished.

Vanquished Creatures (collateral kills)
  A gnoll (D:3)
  A goblin (D:3)
  A jackal (D:3)
  A frilled lizard (D:3)
  A rat (D:3)
5 creatures vanquished.

Grand Total: 92 creatures vanquished

Notes
Turn   | Place    | Note
-------+----------+-------------------------------------------
     0 | D:1      | sankara the Spriggan Enchanter began the quest for the Orb.
     0 | D:1      | Reached XP level 1. HP: 9/9 MP: 5/5
   182 | D:1      | Reached skill level 5 in Stealth
   227 | D:1      | Reached XP level 2. HP: 8/13 MP: 4/6
   244 | D:1      | Learned a level 2 spell: Ensorcelled Hibernation
   627 | D:1      | Reached skill level 4 in Hexes
  1444 | D:1      | Reached XP level 3. HP: 16/16 MP: 8/8
  1733 | D:2      | Reached skill level 6 in Stealth
  2245 | D:2      | Reached skill level 1 in Ice Magic
  2245 | D:2      | Reached XP level 4. HP: 21/21 MP: 4/9
  2349 | D:2      | Found a radiant altar of Vehumet.
  2349 | D:2      | Found an ancient bone altar of Kikubaaqudgha.
  2351 | D:2      | Found a deep blue altar of Sif Muna.
  2359 | D:2      | Identified Kikubaaqudgha's Tome of Sinister Rituals
  2405 | D:2      | Became a worshipper of Kikubaaqudgha
  2410 | D:2      | Learned a level 3 spell: Confuse
  2412 | D:2      | Learned a level 1 spell: Animate Skeleton
  2521 | D:3      | Reached skill level 3 in Spellcasting
  2950 | D:3      | Reached XP level 5. HP: 24/24 MP: 5/10
  3153 | D:3      | HP: 6/24 [bullfrog zombie (5)]
  3155 | D:3      | HP: 1/24 [bullfrog zombie (5)]
  3156 | D:3      | Reached skill level 7 in Stealth
  3575 | D:3      | Found an ornate altar of the Wu Jian Council.
  3646 | D:3      | Reached skill level 1 in Necromancy
  3856 | D:3      | Reached * piety under Kikubaaqudgha
  3856 | D:3      | Identified Kikubaaqudgha's Tome of Sinister Rituals
                  | (Kikubaaqudgha gifted it to you on level 3 of the Dungeon)
  3856 | D:3      | Received a gift from Kikubaaqudgha
  3860 | D:3      | Reached XP level 6. HP: 23/28 MP: 3/12
  3869 | D:3      | Learned a level 3 spell: Tukima's Dance
  3871 | D:3      | Learned a level 1 spell: Pain
  4058 | D:3      | Found Zin's Purification Station.
  4063 | D:3      | Found a glowing silver altar of Zin.
  4066 | D:3      | Bought a potion of curing for 90 gold pieces
  4216 | D:4      | Reached skill level 5 in Hexes
  4224 | D:4      | Found a staircase to the Ecumenical Temple.
  4233 | Temple   | Entered the Ecumenical Temple
  4436 | D:4      | HP: 3/28 [gnoll/+0 spear (7)]
  4855 | D:4      | Reached skill level 2 in Ice Magic
  4862 | D:4      | Reached skill level 8 in Stealth
  5031 | D:4      | Noticed Sigmund
  5031 | D:4      | Noticed Duvessa
  5031 | D:4      | Noticed Dowan
  5047 | D:4      | HP: 7/28 [Duvessa/+0 short sword (7)]
  5051 | D:4      | Killed Duvessa
  5051 | D:4      | Reached skill level 4 in Spellcasting
  5680 | D:5      | Entered Level 5 of the Dungeon
  5681 | D:5      | Found a bloodstained altar of Trog.
  5681 | D:5      | Found a shadowy altar of Dithmenos.
  5681 | D:5      | Found a stormy altar of Qazlal.
  5682 | D:5      | Found a basalt altar of Yredelemnul.
  5682 | D:5      | Found a sparkling altar of Nemelex Xobeh.
  5682 | D:5      | Found a sacrificial altar of Ru.
  5683 | D:5      | Found a glowing golden altar of the Shining One.
  5813 | D:5      | Reached XP level 7. HP: 19/32 MP: 7/14
  5817 | D:5      | HP: 5/32 [orc wizard/puff of frost (5)]
  5818 | D:5      | Killed from afar by an orc wizard

Skill      XL: |  1  2  3  4  5  6 |
---------------+-------------------+-----
Stealth        | 5 6 7 8 |  8.7
Hexes          | 4 5 |  5.4
Ice Magic      | 1 2 |  2.0
Spellcasting   | 3 4 |  4.1
Necromancy     | 1 |  1.9
Short Blades   | |  1.1
Dodging        | |  3.0

Action                   |  1- 3 |  4- 6 |  7- 9 || total
-------------------------+-------+-------+-------++-------
Melee: Dagger            |    87 |   173 |     2 ||   262
 Cast: Corona            |     5 |       |       ||     5
       Ensorcelled Hiber |    40 |    52 |     3 ||    95
       Animate Skeleton  |       |    15 |       ||    15
       Confuse           |       |     8 |       ||     8
 Stab: Sleeping          |    26 |    39 |     1 ||    66
       Distracted        |       |     1 |       ||     1
       Confused          |       |     2 |       ||     2
  Eat: Ration            |       |     4 |       ||     4
Armor: Robe              |    11 |    15 |       ||    26
Dodge: Dodged            |    71 |   162 |     2 ||   235

Levels and vault maps discovered:
D:1:      roderic_crop_circles_arrival_small, layout_rooms
D:2:      layout_basic, grunt_temple_overflow_magic_moments,
          grunt_ministairs_15, grunt_decor_cap, kennysheep_generic_room_11
D:3:      layout_rooms, lemuel_crystal_altar, zin_purify
D:4:      layout_cave_pods, minmay_temple_entry_trees, uniq_sigmund,
          uniq_duvessa
D:5:      layout_gridville, grunt_temple_overflow_open,
          nicolae_overflow_crystal_walls, first_ration, uniq_ijyb
Temple:   corrupted_temple

Table legend:
 A = Turns spent in this place as a percentage of turns spent in the entire game.
 B = Non-inter-level travel turns spent in this place as a percentage of non-inter-level travel turns spent in the entire game.
 C = Inter-level travel turns spent in this place as a percentage of turns spent in this place.
 D = Turns resting spent in this place as a percentage of non-inter-level travel turns spent in this place.
 E = Turns spent auto-exploring this place as a percentage of non-inter-level travel turns spent in this place.
 F = Non-inter-level travel turns spent in this place divided by the number of levels of this place that you've seen.
                   A       B       C       D       E      F
               +-------+-------+-------+-------+-------+----------------------
         Total | 100.0 | 100.0 |   3.1 |  39.0 |  31.6 | 939.8
       Dungeon |  99.1 |  99.4 |   2.9 |  39.2 |  31.2 | 1120.6
        Temple |   0.9 |   0.6 |  28.0 |   0.0 |  94.4 |  36.0
               +-------+-------+-------+-------+-------+----------------------

Table legend:
 A = Kills in this place as a percentage of kills in entire the game.
 B = Kills by you in this place as a percentage of kills by you in the entire game.
 C = Kills by friends in this place as a percentage of kills by friends in the entire game.
 D = Other kills in this place as a percentage of other kills in the entire game.
 E = Experience gained in this place as a percentage of experience gained in the entire game.
 F = Experience gained in this place divided by the number of levels of this place that you have seen.
                   A       B       C       D       E      F
               +-------+-------+-------+-------+-------+----------------------
         Total | 100.0 | 100.0 | 100.0 |   N/A | 100.0 | 128.2
       Dungeon | 100.0 | 100.0 | 100.0 |   N/A | 100.0 | 153.8
               +-------+-------+-------+-------+-------+----------------------
